Map: Ruins of Seras

Players

sOs - Winner!

  • Race: Protoss Protoss

ByuN

  • Race: Terran Terran

Event: IEM Season 10 - Taipei

VOD

https://www.youtube.com/watch?v=tZKjL0QT_h8

Description

Time

  • Played on: Feb. 2, 2016, 1:07 a.m.
  • Length: 21:13

All games in this series

Show
View Real Time Build Order
Export as new Build Order

sOs Protoss - Winner!

Build Orders: Double Forge, Nexus First, Blink Stalkers 

Get SALT Encoding   

  12  0:00  Probe (Chrono Boost)  
  13  0:11  Probe (Chrono Boost)  
  14  0:17  Pylon  
  14  0:22  Probe (Chrono Boost)  
  15  0:36  Probe (Chrono Boost)  
  16  0:46  Probe (Chrono Boost)  
  18  0:57  Probe (Chrono Boost)  
  18  1:01  Nexus  
  18  1:07  Probe (Chrono Boost)  
  19  1:14  Gateway  
  19  1:18  Probe (Chrono Boost)  
  20  1:22  Assimilator  
  20  1:28  Probe (Chrono Boost)  
  20  1:32  Pylon  
  21  1:39  Probe (Chrono Boost)  
  22  1:40  Assimilator  
  22  1:49  Gateway  
  22  1:53  Probe (Chrono Boost)  
  23  2:03  Probe (Chrono Boost)  
  23  2:07  Cybernetics Core  
  24  2:14  Probe x2 (Chrono Boost)  
  26  2:24  Probe x2 (Chrono Boost)  
  28  2:35  Probe x2 (Chrono Boost)  
  30  2:43  Stalker x2, Warp Gate  
  34  2:45  Probe (Chrono Boost)  
  34  2:48  Probe (Chrono Boost)  
  36  2:54  Twilight Council  
  36  2:57  Probe (Chrono Boost)  
  37  2:59  Probe (Chrono Boost)  
  38  3:08  Probe (Chrono Boost)  
  38  3:10  Probe (Chrono Boost)  
  40  3:13  Pylon  
  40  3:19  Robotics Facility  
  40  3:20  Probe (Chrono Boost)  
  40  3:21  Probe (Chrono Boost)  
  42  3:31  Blink (Chrono Boost), Probe x2 (Chrono Boost)  
  44  3:42  Probe x2 (Chrono Boost)  
  46  3:51  Nexus  
  46  3:53  Probe x2 (Chrono Boost)  
  48  3:59  Assimilator  
  48  4:00  Assimilator  
  48  4:05  Pylon, Probe x2 (Chrono Boost)  
  48  4:07  Observer  
  53  4:16  Probe (Chrono Boost)  
  54  4:17  Gateway  
  54  4:23  Pylon, Probe (Chrono Boost)  
  55  4:28  Probe (Chrono Boost)  
  55  4:30  Observer  
  57  4:34  Mothership Core (Chrono Boost)  
  58  4:38  Probe (Chrono Boost)  
  58  4:40  Pylon  
  58  4:45  Forge  
  58  4:47  Forge  
  58  4:48  Stalker  
  58  4:49  Stalker  
  58  4:51  Probe (Chrono Boost)  
  64  4:53  Probe (Chrono Boost)  
  64  4:54  Observer  
  65  5:02  Probe (Chrono Boost)  
  65  5:03  Probe (Chrono Boost)  
  65  5:04  Probe (Chrono Boost)  
  65  5:07  Protoss Ground Armor Level 1, Protoss Ground Weapons Level 1  
  67  5:20  Stalker  
  67  5:21  Stalker  
  71  5:22  Warp Prism, Stalker  
  71  5:28  Probe (Chrono Boost)  
  77  5:29  Probe x2 (Chrono Boost)  
  77  5:31  Resonating Glaives (Chrono Boost)  
  78  5:38  Pylon  
  78  5:41  Probe (Chrono Boost)  
  81  5:42  Probe (Chrono Boost)  
  81  5:43  Probe (Chrono Boost)  
  81  5:54  Probe (Chrono Boost)  
  81  5:56  Probe x2 (Chrono Boost)  
  84  5:59  Adept x2  
  84  6:00  Adept  
  88  6:08  Probe (Chrono Boost)  
  88  6:10  Dark Shrine  
  89  6:12  Gateway  
  89  6:15  Gateway  
  89  6:16  Pylon, Gateway, Nexus  
  89  6:19  Pylon  
  89  6:22  Assimilator  
  89  6:23  Assimilator, Observer  
  89  6:28  Probe (Chrono Boost)  
  89  6:29  Probe (Chrono Boost)  
  89  6:30  Pylon, Probe (Chrono Boost)  
  89  6:32  Sentry x2  
  94  6:35  Adept  
  98  6:49  Probe (Chrono Boost)  
  98  6:51  Probe (Chrono Boost), Templar Archives  
  100  6:54  Photon Cannon  
  100  6:55  Immortal (Chrono Boost)  
  100  6:57  Protoss Ground Weapons Level 2  
  100  6:58  Protoss Ground Armor Level 2  
  100  6:59  Adept x3  
  110  7:02  Photon Cannon  
  110  7:03  Pylon x2  
  110  7:17  Probe (Chrono Boost)  
  110  7:22  Pylon  
  111  7:25  Dark Templar  
  113  7:35  Immortal (Chrono Boost)  
  113  7:37  Psionic Storm, Probe  
  117  7:38  Probe x3  
  117  7:39  Dark Templar  
  117  7:40  Dark Templar  
  124  7:49  Assimilator  
  124  7:51  Assimilator, Photon Cannon  
  124  7:53  Photon Cannon  
  124  7:54  Photon Cannon  
  124  7:57  Pylon, Probe  
  125  8:04  Immortal  
  127  8:19  High Templar x3  
  133  8:20  Probe  
  133  8:25  Gateway, Adept x3  
  133  8:31  Probe  
  129  8:34  Photon Cannon  
  129  8:36  Photon Cannon  
  129  8:42  Immortal  
  133  8:49  Pylon, Probe  
  133  8:50  Photon Cannon  
  133  8:53  Photon Cannon  
  134  8:57  Protoss Ground Armor Level 3, Protoss Ground Weapons Level 3  
  134  8:59  High Templar  
  134  9:02  Adept x3  
  140  9:03  Adept x2  
  140  9:05  Gateway  
  146  9:16  Gateway  
  146  9:18  Gateway  
  146  9:27  Adept x3  
  146  9:28  Adept  
  146  9:30  Photon Cannon  
  152  9:32  Warp Prism  
  152  9:34  High Templar  
  152  9:35  Photon Cannon  
  152  9:37  Pylon  
  150  9:47  Photon Cannon  
  150  9:49  Pylon  
  150  10:06  Observer  
  151  10:15  Adept x8  
  151  10:19  Pylon  
  167  10:27  Photon Cannon  
  167  10:28  Nexus  
  167  10:29  Observer  
  168  10:36  Stargate  
  168  10:46  High Templar x2, Photon Cannon  
  172  10:51  Photon Cannon  
  172  10:52  Photon Cannon  
  170  11:04  Adept x6  
  154  11:08  Adept x2  
  166  11:15  Stargate  
  166  11:17  Stargate  
  166  11:21  Adept x2  
  166  11:25  Fleet Beacon  
  168  11:28  Adept x5  
  178  11:36  Adept x3  
  172  11:42  Dark Templar x2  
  157  11:58  Adept x7  
  159  12:04  Observer  
  159  12:07  Protoss Shields Level 1  
  154  12:11  Tempest (Chrono Boost)  
  156  12:16  High Templar  
  156  12:17  High Templar x2  
  160  12:23  Dark Templar  
  160  12:27  Tempest (Chrono Boost)  
  162  12:31  Tempest (Chrono Boost)  
  162  12:36  Dark Templar  
  162  12:39  Dark Templar  
  160  12:46  Warp Prism  
  160  12:53  Tempest (Chrono Boost)  
  159  13:08  Tempest x2 (Chrono Boost)  
  167  13:14  Pylon  
  167  13:17  Assimilator  
  165  13:23  Assimilator  
  165  13:27  Photon Cannon  
  165  13:28  Protoss Air Weapons Level 1  
  165  13:30  Oracle (Chrono Boost), Stargate  
  166  13:49  Photon Cannon  
  166  14:00  Tempest x2 (Chrono Boost)  
  166  14:01  Pylon  
  174  14:11  Adept x7  
  174  14:12  Dark Templar  
  184  14:24  Nexus  
  184  14:27  Pylon, Tempest (Chrono Boost)  
  184  14:33  Tempest (Chrono Boost)  
  182  15:03  Photon Cannon  
  182  15:05  Photon Cannon  
  180  15:07  Photon Cannon  
  180  15:09  Carrier x2 (Chrono Boost), Photon Cannon  
  180  15:12  Photon Cannon  
  195  15:24  Carrier (Chrono Boost)  
  195  15:27  Photon Cannon  
  195  15:38  Adept x2  
  183  15:54  Dark Templar x2  
  183  15:55  Dark Templar  
  196  16:25  Carrier x2 (Chrono Boost)  
  196  16:26  Carrier (Chrono Boost), Protoss Air Weapons Level 2, Graviton Catapult  
  196  16:29  Cybernetics Core  
  196  16:32  High Templar, Photon Cannon  
  196  16:33  High Templar  
  200  16:50  High Templar  
  200  16:53  Photon Cannon  
  200  16:55  Assimilator  
  200  17:00  Assimilator  
  200  17:03  Photon Cannon  
  200  17:19  Nexus  
  200  17:21  Pylon  
  198  17:39  Pylon  
  198  17:47  Protoss Shields Level 2, Pylon  
  198  17:48  Carrier (Chrono Boost)  
  198  17:56  Nexus  
  198  17:58  Dark Templar  
  200  18:14  Photon Cannon  
  200  18:15  Photon Cannon  
  194  18:34  Adept x4  
  194  18:37  Protoss Air Armor Level 1 (Chrono Boost)  
  198  18:47  Dark Templar  
  198  18:51  Observer  
  199  18:59  High Templar  
  199  19:04  Photon Cannon  
  195  19:25  High Templar  
  195  19:30  Photon Cannon  
  195  19:31  Photon Cannon  
  195  19:32  Photon Cannon x2  
  191  19:46  High Templar x2  
  187  19:57  Archon  
  187  19:58  High Templar x2  
  187  20:06  Stalker x3  
  187  20:07  Stalker x3  
  184  20:35  Adept x3  
  182  20:36  Adept x5  
  190  20:44  Adept  
  190  20:45  Adept  
  186  20:58  Adept x7  
  186  20:59  Adept  
  186  21:09  Adept x2  
Show
View Real Time Build Order
Export as new Build Order

ByuN Terran 

Build Orders: Liberator Opening, MMM Bio 

Get SALT Encoding   

  12  0:00  SCV  
  13  0:13  SCV  
  14  0:17  Supply Depot  
  14  0:25  SCV  
  15  0:39  SCV, Barracks  
  16  0:44  Refinery  
  16  0:51  SCV  
  17  1:03  SCV  
  18  1:15  SCV  
  19  1:26  Barracks Reactor  
  19  1:27  Orbital Command  
  19  1:42  Command Center  
  19  1:52  SCV  
  20  1:54  Supply Depot  
  20  2:02  Marine x2  
  22  2:10  Factory  
  22  2:14  SCV  
  23  2:19  Marine  
  23  2:20  Marine  
  25  2:26  SCV  
  26  2:37  Marine x2  
  26  2:38  SCV  
  29  2:50  SCV  
  30  2:52  Refinery  
  30  2:54  Orbital Command  
  30  2:58  Starport, Widow Mine  
  30  3:03  SCV  
  33  3:06  Marine  
  33  3:07  Marine  
  35  3:19  SCV  
  37  3:20  SCV  
  37  3:29  Supply Depot, Marine  
  37  3:30  Marine  
  37  3:31  Widow Mine  
  37  3:33  SCV x2  
  43  3:36  Medivac  
  45  3:44  Supply Depot  
  46  3:54  Liberator  
  46  3:55  Marine x2  
  47  3:56  SCV x2  
  48  4:05  Factory Tech Lab  
  48  4:06  Bunker  
  50  4:14  SCV x2  
  50  4:15  Marine x2  
  55  4:21  Supply Depot  
  55  4:24  Siege Tank  
  55  4:26  Engineering Bay  
  55  4:28  SCV x2  
  60  4:36  Marine x2  
  62  4:44  SCV  
  62  4:45  SCV  
  64  4:47  Supply Depot  
  64  4:52  Missile Turret  
  64  4:57  SCV x2  
  66  5:10  Command Center, SCV  
  66  5:13  Marine x2  
  67  5:18  SCV  
  67  5:30  Barracks  
  67  5:31  Barracks  
  67  5:33  SCV x2, Factory Tech Lab  
  67  5:34  Starport Reactor  
  68  5:36  Marine  
  69  5:43  Engineering Bay, Terran Infantry Weapons Level 1  
  69  5:45  SCV x2  
  71  5:50  Refinery  
  71  5:52  Refinery  
  71  5:56  Marine x2  
  70  6:04  Factory Reactor  
  70  6:05  SCV x2, Barracks  
  70  6:06  Barracks  
  70  6:11  Missile Turret  
  72  6:16  Terran Infantry Armor Level 1  
  72  6:19  Marauder, Stimpack  
  72  6:23  Marine x2  
  72  6:24  SCV x2  
  78  6:27  Orbital Command  
  78  6:31  Medivac  
  80  6:33  Medivac, Supply Depot  
  83  6:40  Marauder x2, Marine  
  86  6:51  SCV x2  
  86  6:52  Armory  
  88  6:54  Factory Reactor  
  88  6:56  Barracks Tech Lab  
  88  7:02  Supply Depot, Marine  
  88  7:03  Marauder, Marine  
  88  7:04  Supply Depot  
  88  7:06  Marauder  
  94  7:15  Marine x2  
  95  7:18  Medivac  
  95  7:19  Medivac  
  99  7:25  Marauder  
  99  7:26  Supply Depot  
  99  7:27  Supply Depot  
  99  7:29  Orbital Command  
  101  7:31  Marine x3  
  101  7:34  Widow Mine x2  
  108  7:39  SCV  
  108  7:40  SCV  
  110  7:47  Marauder x2  
  110  7:48  Marine x2  
  110  7:50  Marauder  
  110  7:51  Combat Shields  
  118  7:55  SCV x2  
  118  7:56  SCV  
  121  8:04  Supply Depot  
  121  8:05  Medivac x2  
  125  8:13  Missile Turret  
  125  8:15  Marine x3  
  125  8:16  Marine  
  125  8:18  Marauder x2  
  133  8:20  Concussive Shells  
  133  8:26  Marauder  
  135  8:33  Widow Mine, Marine x2  
  135  8:34  Widow Mine  
  136  8:38  SCV x2  
  136  8:39  Marauder x2, SCV  
  141  8:43  Missile Turret  
  140  8:49  Missile Turret  
  140  8:53  Supply Depot  
  140  8:54  Supply Depot, Marauder  
  142  8:59  Terran Infantry Weapons Level 2  
  142  9:00  Terran Infantry Armor Level 2  
  142  9:03  SCV  
  142  9:04  SCV  
  142  9:06  SCV  
  145  9:10  Marine x3  
  145  9:12  Marine  
  149  9:23  Marauder x2  
  149  9:24  Marauder  
  149  9:28  Widow Mine x2  
  153  9:32  SCV x2  
  153  9:33  SCV  
  156  9:43  Ghost Academy  
  156  9:44  Marine x4  
  162  9:46  Medivac x2  
  163  9:54  Marauder  
  163  9:57  Supply Depot  
  163  9:59  Liberator  
  165  10:00  Refinery  
  165  10:02  SCV  
  165  10:03  Marauder  
  167  10:07  Marine  
  167  10:09  Marine x3  
  169  10:15  Supply Depot  
  169  10:25  Supply Depot  
  169  10:30  Refinery  
  169  10:34  Widow Mine x2  
  175  10:36  Marine x4  
  175  10:39  Ghost x2  
  175  10:40  Ghost  
  181  10:54  Marine x4  
  178  11:03  Widow Mine x2  
  175  11:09  Marauder x3  
  181  11:15  Marine x2  
  171  11:25  SCV x3  
  171  11:30  Marauder x3  
  166  11:33  Marine x2  
  166  11:37  SCV x2  
  166  11:38  SCV  
  164  11:46  Terran Infantry Weapons Level 3  
  159  11:49  SCV  
  159  11:50  Marine  
  159  11:51  Marauder  
  159  11:52  Marauder x2  
  160  11:56  Marine  
  160  11:57  Marine  
  160  11:58  Liberator  
  160  11:59  Marine  
  142  12:07  Marine  
  143  12:09  Widow Mine x2  
  143  12:12  Marine x3  
  143  12:14  Marine  
  143  12:15  Marine  
  151  12:17  Marine  
  151  12:21  SCV x2  
  154  12:26  SCV  
  154  12:29  Marine  
  145  12:33  SCV x2  
  138  12:37  Widow Mine x2  
  138  12:39  SCV  
  141  12:45  SCV x2  
  141  12:51  SCV  
  142  12:53  Marine  
  142  12:54  Marine  
  142  12:55  Marine x2  
  146  12:59  SCV  
  146  13:00  SCV  
  146  13:03  Orbital Command  
  145  13:16  Barracks Tech Lab, SCV x2  
  145  13:17  Starport Reactor, Marine, Barracks Reactor  
  145  13:18  Marine x4  
  145  13:19  Barracks Tech Lab  
  152  13:20  Barracks Tech Lab  
  152  13:23  Widow Mine  
  152  13:24  Widow Mine  
  156  13:29  SCV x3  
  159  13:39  Marine x2  
  161  13:42  Marine x2  
  163  13:52  Ghost  
  157  13:56  Ghost  
  157  14:01  Marine x4  
  161  14:16  Marine  
  162  14:19  Marine x4  
  162  14:20  Marine  
  162  14:28  Ghost  
  164  14:40  Marine  
  165  14:45  Command Center  
  163  14:53  Marine x4  
  163  14:55  Marauder  
  163  14:58  Marauder  
  170  15:09  Marine  
  170  15:10  Marine x2  
  170  15:11  Marine x2  
  175  15:16  Marine  
  175  15:19  Marine  
  177  15:26  SCV x2  
  177  15:27  Marine  
  178  15:28  Marine x3  
  181  15:41  Supply Depot  
  181  15:42  Supply Depot  
  181  15:43  Missile Turret, Marine x3  
  181  15:45  Marine  
  181  15:46  Marine x2  
  173  15:59  Marine  
  173  16:01  Marine x2  
  167  16:06  Marine x2  
  167  16:07  Marine  
  167  16:08  Marine  
  169  16:14  Planetary Fortress  
  169  16:17  Marine  
  169  16:19  Marine x2  
  169  16:24  Marine  
  169  16:25  Medivac, Marine x2  
  160  16:26  Medivac  
  164  16:42  Marine x2  
  164  16:43  Ghost x2  
  167  17:07  Medivac x2  
  171  17:11  Marine x2  
  171  17:12  Marine x2  
  171  17:15  Marine x3  
  176  17:29  Marine x2  
  165  17:38  Ghost x2  
  165  17:39  Marine x3  
  165  17:43  Medivac x2, Barracks x2  
  176  17:45  Barracks  
  176  17:47  Marine x2  
  178  18:02  Marine  
  178  18:03  Marine x2  
  178  18:05  Marine x2  
  182  18:07  Marine x2  
  183  18:13  Medivac x2  
  187  18:20  Marine x2  
  187  18:21  Marine  
  187  18:22  Marine  
  187  18:23  Marine  
  192  18:28  Sensor Tower  
  187  18:38  Marine x2  
  187  18:39  Marine  
  179  18:42  Barracks Tech Lab x2, Barracks Reactor  
  170  18:48  Ghost  
  170  18:49  Ghost  
  173  18:58  Marine  
  173  18:59  Marine x3  
  173  19:00  Marine  
  179  19:02  Marauder x2  
  174  19:16  Marine  
  174  19:17  Marine x4  
  165  19:18  Widow Mine x2, Marine x2  
  173  19:29  Marine x2  
  173  19:30  Marine x2  
  172  19:37  Marine x5  
  177  19:39  Marauder x2  
  179  19:47  Ghost  
  179  19:50  Orbital Command  
  180  19:53  Marine  
  180  19:58  Marine x4  
  168  20:04  Marine  
  168  20:05  Marine  
  168  20:07  Marine  
  168  20:08  Marine x2  
  168  20:11  Marine  
  166  20:19  Marine  
  139  20:23  Marine  
  139  20:24  Marine  
  136  20:33  Marine x2  
  131  20:40  Marine  
  122  20:45  Marine x2  
  111  20:52  Marine  
  111  20:54  Marine  

Tags
 
Add a new tag
Caveats
  • Supply blocks, unpowered buildings, or Contaminate may cause inaccurate times.
  • Supply counts are checked every 10 seconds.